 Dungeon Crawl Stone Soup version 0.31-a0-255-g9c3d1c461a (webtiles) character file.

Game seed: 3131811347932470182

573 qw the Shooter (level 7, -4/59 HPs)
             Began as a Minotaur Hexslinger on July 12, 2023.
             Slain by an iguana (5 damage)
             ... on level 4 of the Dungeon.
             The game lasted 00:01:21 (3111 turns).

qw the Shooter (Minotaur Hexslinger)                Turns: 3111, Time: 00:01:21

Health: -4/59      AC:  7    Str: 12    XL:     7   Next: 12%
Magic:  7/7        EV: 11    Int: 10    God:
Gold:   197        SH:  0    Dex: 15    Spells: 7/8 levels left

rFire   . . .        Y - +1 hand crossbow (freeze)
rCold   + . .        (no shield)
rNeg    . . .        o - +0 ring mail
rPois   .            (helmet restricted)
rElec   .            (no cloak)
rCorr   .            f - +0 pair of gloves
SInv    +            b - +0 pair of boots
Will    .....        (no amulet)
Stlth   +            j - ring of see invisible
HPRegen 0.29/turn    i - ring of protection from cold
MPRegen 0.10/turn

%: no passive effects
@: about to teleport
A: horns 2, retaliatory headbutt
a: no special abilities


You were on level 4 of the Dungeon.
You visited 1 branch of the dungeon, and saw 5 of its levels.

You collected 197 gold pieces.


Innate Abilities, Weirdness & Mutations

You have a pair of horns on your head.
You reflexively headbutt those who attack you in melee.


   Skills:
 - Level 4.2 Fighting
 + Level 7.2 Ranged Weapons
 - Level 2.4 Armour
 - Level 2.1 Dodging
 - Level 1.0 Spellcasting
 - Level 2.0 Hexes


You had 7 spell levels left.
You knew the following spells:

 Your Spells              Type           Power      Damage    Failure   Level
a - Slow                  Hex            16%        N/A       32%         1

Your spell library contained the following spells:

 Spells                   Type           Power      Damage    Failure   Level
 Inner Flame              Hex/Fire       2%         N/A       83%         3
 Portal Projectile        Hex/Tloc       4%         N/A       83%         3
 Cause Fear               Hex            2%         N/A       97%         4

Inventory:

Hand Weapons
 Y - a +1 hand crossbow of freezing (weapon)
Armour
 b - a +0 pair of boots (worn)
 f - a +0 pair of gloves (worn)
 o - a +0 ring mail (worn)
Jewellery
 i - a ring of protection from cold (right hand)
 j - a ring of see invisible (left hand)
 m - a ring of positive energy
 p - a +6 ring of strength
 q - a ring of fire
Scrolls
 h - a scroll of identify
Potions
 d - a potion of curing
 e - a potion of might {unknown}
 g - a potion of brilliance {unknown}
 k - a potion of invisibility {unknown}
 l - a potion of heal wounds {unknown}
 n - a potion of resistance {unknown}
 r - a potion of cancellation {unknown}
 t - a potion of mutation {unknown}

Dungeon Overview and Level Annotations

Branches:
Dungeon (5/15)
 Temple: D:4-7

Altars:

Shops:
D:2 =

Annotations:
D:4 Edmund
D:5 Ijyb


Message History

3107 ||| STAIRDANCE The iguana bites you!
Edmund hits you with a +4 flail of holy wrath.
You climb upwards.
There is a stone staircase leading down here.
Enter note:
Enter note:
Enter note:
Enter note:
Enter note:
Enter note:
Enter note:
Enter note:
Enter note:
Enter note:
Enter note:
Enter note:
Enter note:
Enter note:
Enter note:
Enter note:
Enter note:
Enter note:
Enter note:
Enter note:
Enter note: You shoot a bolt.
The bolt hits Edmund but does no damage.
Edmund is moderately wounded.
Edmund hits you with a +4 flail of holy wrath.
The iguana bites you!
3110 ||| READING scroll of teleportation.
As you read the scroll of teleportation, it crumbles to dust.
You feel strangely unstable.
Edmund hits you with a +4 flail of holy wrath.
The iguana bites you.
You shoot a bolt. The bolt barely misses Edmund.
Edmund hits you with a +4 flail of holy wrath.
The iguana bites you.
You die...

......+..........#...............
......#..........................
#...........................#####
#...........................#
#...........................#
#....#...............[......#
#....#.##...................#
#....#.##.........#.........#
#....#.##......@@l+.....:...#
#....#.############.........#
#...[#.# #######.### ######.#
########### #.# #.# #.........#
#.# #.# #.#######.# #.# #.# #.#
#.# #.# #.# #.# #.# #.# #.# #.#
#.# #.#


You could see Edmund and an iguana.

Vanquished Creatures
  Grinder (D:3)
  An ogre (D:4)
  A phantom (D:5)
  2 howler monkeys
  A hound (D:4)
  Robin (D:2)
  3 adders
  A white imp (D:5)
  An ufetubus (D:3)
  2 dart slugs
  7 ball pythons
  6 endoplasms
  A giant cockroach (D:2)
  17 goblins
  5 hobgoblins
  6 kobolds
  6 quokkas
  6 bats
  4 frilled lizards
  8 rats
80 creatures vanquished.

Notes
Turn   | Place    | Note
-------+----------+-------------------------------------------
     0 | D:1      | qw the Minotaur Hexslinger began the quest for the Orb.
     0 | D:1      | Reached XP level 1. HP: 16/16 MP: 1/1
     0 | D:1      | 0 ||| qw: Version: 0.3-a-52-g30416fa
     0 | D:1      | 0 ||| qw: Game counter: 6715
     0 | D:1      | 0 ||| qw: Melee chars always use a shield: true
     0 | D:1      | 0 ||| qw: God list: Okawaru
     0 | D:1      | 0 ||| qw: Allow faded altars: false
     0 | D:1      | 0 ||| qw: Do Orc after clearing Dungeon:15 true
     0 | D:1      | 0 ||| qw: Do second Lair branch before Depths: true
     0 | D:1      | 0 ||| qw: Lair rune preference: random
     0 | D:1      | 0 ||| qw: Goals: Normal
     0 | D:1      | 0 ||| PLANNING D:1-11
    31 | D:1      | Reached skill level 3 in Ranged Weapons
    46 | D:1      | Reached XP level 2. HP: 23/23 MP: 2/2
   664 | D:1      | 664 ||| UPGRADING to +0 pair of gloves.
   669 | D:1      | 669 ||| UPGRADING to ring of protection from cold.
   670 | D:1      | 670 ||| READING scroll labelled HUDEHE DINGAJEAZA.
   671 | D:1      | 671 ||| READING scroll labelled LAJEAHYATA.
   672 | D:1      | 672 ||| READING scroll labelled SUKKUT MEVOTUBB.
   673 | D:1      | 673 ||| READING scroll labelled BAFUQ FAGA.
   677 | D:1      | 677 ||| DROPPING scroll of poison.
   720 | D:2      | Reached XP level 3. HP: 29/29 MP: 3/3
   892 | D:2      | Found Gofot's Jewellery Shop.
   898 | D:2      | 898 ||| SHOPLISTING +4 ring of slaying (936 gold, have 71).
   898 | D:2      | 898 ||| SHOPLISTING amulet of faith (480 gold, have 71).
   898 | D:2      | 898 ||| SHOPLISTING amulet of regeneration (360 gold, have
                  | 71).
   898 | D:2      | 898 ||| SHOPLISTING ring of poison resistance (240 gold,
                  | have 71).
   898 | D:2      | 898 ||| SHOPLISTING ring of the Octopus King {rN+ HP+2 AC+2
                  | EV+2 SH+2} (676 gold, have 71).
   965 | D:2      | Reached skill level 4 in Ranged Weapons
  1117 | D:2      | Noticed Robin
  1124 | D:2      | Killed Robin
  1127 | D:2      | HP: 6/29 [goblin/+0 dagger[Robin] (2)]
  1129 | D:2      | HP: 1/29 [goblin/+0 dagger[Robin] (2)]
  1134 | D:2      | 1134 ||| FLEEEEING.
  1135 | D:2      | 1135 ||| FLEEEEING.
  1136 | D:2      | 1136 ||| FLEEEEING.
  1137 | D:2      | 1137 ||| FLEEEEING.
  1138 | D:2      | 1138 ||| FLEEEEING.
  1139 | D:2      | 1139 ||| FLEEEEING.
  1140 | D:2      | 1140 ||| FLEEEEING.
  1141 | D:2      | 1141 ||| FLEEEEING.
  1142 | D:2      | 1142 ||| FLEEEEING.
  1143 | D:2      | 1143 ||| FLEEEEING.
  1144 | D:2      | 1144 ||| FLEEEEING.
  1145 | D:2      | 1145 ||| FLEEEEING.
  1146 | D:2      | 1146 ||| FLEEEEING.
  1147 | D:2      | 1147 ||| FLEEEEING.
  1148 | D:2      | 1148 ||| FLEEEEING.
  1149 | D:2      | 1149 ||| FLEEEEING.
  1150 | D:2      | 1150 ||| FLEEEEING.
  1151 | D:2      | 1151 ||| FLEEEEING.
  1152 | D:2      | 1152 ||| FLEEEEING.
  1153 | D:2      | 1153 ||| FLEEEEING.
  1154 | D:2      | 1154 ||| FLEEEEING.
  1155 | D:2      | 1155 ||| FLEEEEING.
  1156 | D:2      | 1156 ||| FLEEEEING.
  1157 | D:2      | 1157 ||| FLEEEEING.
  1158 | D:2      | 1158 ||| FLEEEEING.
  1159 | D:2      | 1159 ||| FLEEEEING.
  1160 | D:2      | 1160 ||| FLEEEEING.
  1161 | D:2      | 1161 ||| FLEEEEING.
  1162 | D:2      | 1162 ||| FLEEEEING.
  1163 | D:2      | 1163 ||| FLEEEEING.
  1164 | D:2      | 1164 ||| FLEEEEING.
  1165 | D:2      | 1165 ||| FLEEEEING.
  1166 | D:2      | 1166 ||| FLEEEEING.
  1167 | D:2      | 1167 ||| FLEEEEING.
  1168 | D:2      | 1168 ||| FLEEEEING.
  1169 | D:2      | 1169 ||| FLEEEEING.
  1170 | D:2      | 1170 ||| STAIRDANCE
  1248 | D:1      | 1248 ||| UPGRADING to +0 pair of boots.
  1253 | D:1      | 1253 ||| UPGRADING to +6 ring of strength.
  1291 | D:2      | Reached XP level 4. HP: 36/36 MP: 4/4
  1434 | D:2      | 1434 ||| UPGRADING to ring of see invisible.
  1436 | D:2      | 1436 ||| UPGRADING to ring of protection from cold.
  1744 | D:3      | 1744 ||| SWAPPING to +0 hand crossbow of freezing.
  1745 | D:3      | 1745 ||| DROPPING +1 sling.
  1852 | D:3      | Noticed Grinder
  1858 | D:3      | Killed Grinder
  1859 | D:3      | Reached skill level 6 in Ranged Weapons
  1859 | D:3      | Reached XP level 5. HP: 25/41 MP: 5/5
  1859 | D:3      | Reached XP level 6. HP: 29/48 MP: 6/6
  2243 | D:3      | 2243 ||| UPGRADING to +0 ring mail.
  2253 | D:3      | 2253 ||| DROPPING +0 robe.
  2254 | D:3      | 2254 ||| READING scroll labelled UTORUTR RUQUE.
  2255 | D:3      | 2255 ||| DRINKING 2 sedimented green potions.
  2256 | D:3      | 2256 ||| READING 2 scrolls of identify.
  2256 | D:3      | 2256 ||| IDENTIFYING sedimented ruby potion
  2257 | D:3      | 2257 ||| DROPPING potion of magic.
  2356 | D:4      | Reached skill level 1 in Armour
  2787 | D:4      | Reached skill level 3 in Fighting
  2834 | D:4      | HP: 12/51 [ogre/+0 giant club (23)]
  2835 | D:4      | 2835 ||| READING 2 scrolls of teleportation.
  3066 | D:4      | 3066 ||| READING scroll labelled FIYM YSTUGGO.
  3067 | D:4      | 3067 ||| READING 3 scrolls labelled VALIOCVA YCVOO.
  3068 | D:4      | 3068 ||| DROPPING 2 scrolls of revelation.
  3097 | D:5      | Entered Level 5 of the Dungeon
  3100 | D:5      | Reached skill level 7 in Ranged Weapons
  3100 | D:5      | Reached XP level 7. HP: 59/59 MP: 7/7
  3100 | D:5      | Noticed Edmund
  3106 | D:5      | Noticed Ijyb
  3107 | D:5      | 3107 ||| STAIRDANCE
  3109 | D:4      | HP: 11/59 [iguana (11)]
  3110 | D:4      | 3110 ||| READING scroll of teleportation.
  3110 | D:4      | HP: 5/59 [iguana (1)]
  3111 | D:4      | HP: 1/59 [Edmund/+4 flail of holy wrath (5)]
  3111 | D:4      | Slain by an iguana

Levels and vault maps discovered:
D:1:      beargit_arrival_greenhouse, layout_basic
D:2:      wander_river, layout_loops_ring, serial_shops, shop, uniq_robin
D:3:      layout_loops_ring, uniq_grinder
D:4:      layout_basic
D:5:      wad_river_or_something, layout_cave_pools, minmay_temple_entry_arrows,
          uniq_edmund, uniq_menkaure, uniq_blork_the_orc, uniq_ijyb

Skill      XL: |  1  2  3  4  5  6  7 |
---------------+----------------------+-----
Ranged Weapons | 3 4 6 7 |  7.2
Fighting       | 2 4 |  4.2
Armour         | 1 2 |  2.4
Dodging        | |  2.1
Spellcasting   | |  1.0
Hexes          | |  2.0

Action                     |  1- 3 |  4- 6 |  7- 9 || total
---------------------------+-------+-------+-------++-------
   Fire: Sling             |   124 |    27 |       ||   151
         Hand crossbow     |       |    58 |     9 ||    67
    Use: Scroll            |     4 |     5 |     1 ||    10
         Potion            |       |     1 |       ||     1
 Armour: Robe              |    22 |     4 |       ||    26
         Ring mail         |       |     7 |     1 ||     8
  Dodge: Dodged            |    50 |    22 |     5 ||    77

Table legend:
 A = Non-vault XP
 B = Vault XP
 C = Vault XP percentage of total XP
 D = Non-vault monster count
 E = Vault monster count
 F = Vault count percentage of total count
                 A         B        C        D         E       F
            +---------+---------+-------+---------+---------+-------
      Total |     532 |     287 |  35.0 |      70 |      10 |  12.5
            +---------+---------+-------+---------+---------+-------
        D:1 |      37 |       0 |   0.0 |      23 |       0 |   0.0
        D:2 |      35 |      29 |  45.3 |      14 |       9 |  39.1
        D:3 |      28 |     258 |  90.2 |      14 |       1 |   6.7
        D:4 |     260 |       0 |   0.0 |      16 |       0 |   0.0
        D:5 |     172 |       0 |   0.0 |       3 |       0 |   0.0
            +---------+---------+-------+---------+---------+-------
